 Dungeon Crawl Stone Soup version 0.26-a0-661-g406de6ba63 (webtiles) character file.

Game seed: 8069002220550801403

13352 snetch the Severer (level 11, -9/99 HPs)
             Began as a Minotaur Berserker on Oct 7, 2020.
             Was an Elder of Trog.
             Mangled by Urug
             ... wielding a +0 broad axe of draining
              (18 damage)
             ... on level 1 of the Lair of Beasts on Oct 8, 2020.
             The game lasted 00:58:19 (16157 turns).

snetch the Severer (Minotaur Berserker)            Turns: 16157, Time: 00:58:20

Health: -9/99      AC: 19    Str: 27    XL:     11   Next: 74%
Magic:  10/10      EV:  9    Int:  5    God:    Trog [****..]
Gold:   940        SH:  0    Dex: 11    Spells: 10/10 levels left

rFire    + + .     SeeInvis .   t - +3 dagger of Trog's Benevolence {vorpal, Fragile +Inv Str+3 Int+2}
rCold    . . .     Faith    .   (no shield)
rNeg     + + .     Spirit   .   C - +0 plate armour
rPois    +         Reflect  .   (helmet restricted)
rElec    .         Harm     .   T - +2 ratskin cloak {*Rats rPois rN+ Str-1 Int-1 Dex+1}
rCorr    .         Rampage  .   p - +0 pair of gloves
MR       ++...                  (no boots)
Stlth    ..........             (no amulet)
HPRegen  1.26/turn              P - ring of Roluox {rF+ rN+ Stlth+}
MPRegen  0.12/turn              v - ring of protection from fire

@: berserk cooldown, very slightly contaminated, regenerating, slowed, lightly
drained, very slow
A: retaliatory headbutt, horns 2
a: Berserk, Trog's Hand, Brothers in Arms, Renounce Religion, Evoke Invisibility


You were on level 1 of the Lair of Beasts.
You worshipped Trog.
Trog was greatly pleased with you.
You visited 3 branches of the dungeon, and saw 15 of its levels.
You also visited: Sewer.

You collected 940 gold pieces.

Inventory:

Hand Weapons
 a - a +0 battleaxe
 b - a +1 vorpal dire flail
 c - a cursed +5 halberd
 t - the +3 dagger of Trog's Benevolence (weapon) {vorpal, Fragile +Inv Str+3 Int+2}
   (Trog gifted it to you on level 11 of the Dungeon)

   It inflicts extra damage upon your enemies.
   It affects your strength (+3).
   It affects your intelligence (+2).
   It lets you turn invisible.
   It will be destroyed if unequipped.
Missiles
 e - 562 stones
 f - 158 sling bullets
 h - 36 poisoned darts (quivered)
 j - 8 curare-tipped darts
 r - 83 bolts
 F - 12 boomerangs
 G - 3 throwing nets
 H - 7 atropa-tipped darts
 I - 332 arrows
 J - 3 silver boomerangs
 Q - 2 javelins
Armour
 p - a +0 pair of gloves (worn)
 C - a +0 plate armour (worn)
 T - the +2 ratskin cloak (worn) {*Rats rPois rN+ Str-1 Int-1 Dex+1}
   (You found it on level 6 of the Dungeon)

   It affects your strength (-1).
   It affects your intelligence (-1).
   It affects your dexterity (+1).
   It protects you from poison.
   It protects you from negative energy.
 W - a +0 buckler
Jewellery
 i - an uncursed ring of positive energy
 l - an uncursed ring of protection from cold
 v - a ring of protection from fire (right hand)
 D - a +6 ring of intelligence
 P - the ring of Roluox (left hand) {rF+ rN+ Stlth+}
   (You found it on level 9 of the Dungeon)

   [ring of protection from fire]

   It protects you from fire.
   It protects you from negative energy.
   It makes you more stealthy.
Wands
 L - a wand of acid (8)
 M - a wand of random effects (17)
 O - a wand of enslavement (4)
 V - a wand of polymorph (8)
Scrolls
 d - 4 scrolls of fear {unknown}
 m - 11 scrolls of teleportation
 n - a scroll of enchant weapon
 o - 2 scrolls of fog
 x - 3 scrolls of enchant armour
 y - 7 scrolls of remove curse
 A - 2 scrolls of torment
 B - a scroll of magic mapping
 K - a scroll of immolation
 R - 2 scrolls of blinking {unknown}
 X - a scroll of acquirement {unknown}
 Y - a scroll of noise {unknown}
Potions
 g - 2 potions of flight
 k - 2 potions of curing
 q - 2 potions of might
 s - 2 potions of lignification
 u - 2 potions of haste
 w - a potion of berserk rage
 z - a potion of cancellation
 N - a potion of invisibility
 S - a potion of mutation
 U - a potion of ambrosia
Miscellaneous
 E - a phantom mirror


   Skills:
 + Level 9.8(9.4) Fighting
 * Level 16.2(15.7) Axes
 + Level 3.1(2.7) Throwing
 + Level 10.7(10.2) Armour
 + Level 3.9(3.5) Dodging
 + Level 1.7(1.3) Stealth


You had 10 spell levels left.
You didn't know any spells.
Your spell library contained the following spells:

 Spells                   Type           Power        Failure   Level
 Animate Skeleton         Necr           #.....       99%         1
 Apportation              Tloc           #.....       99%         1
 Corona                   Hex            #......      99%         1
 Summon Small Mammal      Summ           #...         99%         1
 Mephitic Cloud           Conj/Pois/Air  #.......     100%        3
 Portal Projectile        Hex/Tloc       #.....       100%        3
 Animate Dead             Necr           #.........   100%        4
 Cause Fear               Hex            #.........   100%        4
 Fulminant Prism          Conj/Hex       #.........   100%        4
 Borgnjor's Vile Clutch   Necr/Erth      #.........   100%        5
 Death Channel            Necr           #.........   100%        6
 Simulacrum               Ice/Necr       #.........   100%        6


Dungeon Overview and Level Annotations

Branches:
Dungeon (13/15)            Temple (1/1) D:6            Lair (1/6) D:11
    Orc (0/2) D:10          Sewer (visited)
 Vaults: D:13-14

Altars:
Ashenzari
Cheibriados
Dithmenos
Elyvilon
Fedhas
Gozag
Hepliaklqana
Kikubaaqudgha
Makhleb
Nemelex Xobeh
Okawaru
Qazlal
Ru
Sif Muna
Trog
Uskayaw
Vehumet
Wu Jian
Xom
Yredelemnul
Zin
The Shining One
Beogh

Shops:
D:10 [   D:11 *

Annotations:
D:4 animals behind rock glass
D:12 3 runed translucent doors, MackTheFife's ghost, journeyman OgFi; Sonja
Temple deep water
Lair:1 Grum; Urug


Innate Abilities, Weirdness & Mutations

You reflexively headbutt those who attack you in melee.
You have a pair of horns on your head.


Message History

Urug squints and screams, "A harpy?
Time to die, you blasted buzzard!" Grum misses you. The wolf barely misses you.
You furiously retaliate!
You headbutt the wolf!
You kill the wolf!
Trog accepts your kill.
Grum points his finger and shouts, "Spot!
Sic 'em!"
Grum closely misses you. Urug hits you but does no damage.
You partially resist.
You feel drained.
Urug hits you with a +0 broad axe of draining.
* * * LOW HITPOINT WARNING * * *
You partially resist.
You feel drained.
Grum zaps a wand.
Some rock shatters into small pieces.
Grum says, "What's my secret?
I feed my dogs Minotaurs.
It makes their fur nice and shiny."
Your two-headed ogre goes berserk!
Trog will no longer gift you weapons.
Urug hits you with a +0 broad axe of draining.
* * * LOW HITPOINT WARNING * * *
You partially resist.
You feel drained.
Urug hits you with a +0 broad axe of draining!!
You die...

#.#............
##.............
##............
#............
##..........#
######...#.######
###.....#g####
#P.....#.o#####
##.......##@##P####
##........##.##....#
#.........#..O....[#
#........#.........#
#............#.....#
#...........#.....#
#.........###..<..#
####.....####.....#
###..## #.....#.#


You could see Urug, Grum and a friendly two-headed ogre (summoned, berserk).

Vanquished Creatures
  A hydra (D:12)
  Pikel (D:5)
  A deep elf mage (D:11)
  2 ugly things (D:11)
  An oklob plant (D:11)
  A cyclops (D:12)
  A cane toad (Lair:1)
  2 trolls
  A hornet (D:11)
  Sigmund (D:5)
  2 wraiths
  A vampire (D:11)
  8 yaks
  Edmund (D:5)
  A water moccasin (Sewer)
  2 ice beasts
  9 orc warriors
  3 black bears
  4 phantoms
  5 ogres
  4 sky beasts
  4 centaurs
  3 wolves (Lair:1)
  5 bullfrogs
  A gnoll sergeant (D:7)
  3 scorpions
  2 killer bees (D:11)
  12 wights
  5 howler monkeys
  An electric eel (D:10)
  A quasit (D:11)
  8 hounds
  6 orc priests
  A gnoll shaman (D:8)
  10 orc wizards
  3 bullfrog skeletons
  5 iguanas
  11 worker ants
  3 hell rats (D:6)
  A hound zombie (D:5)
  A hound skeleton (D:4)
  12 adders
  13 gnolls
  4 river rats
  A shadow imp (D:5)
  2 white imps
  An adder zombie (D:8)
  2 adder skeletons (D:8)
  A dart slug (D:4)
  5 worms
  8 leopard geckos
  44 orcs
  3 giant cockroaches
  10 goblins
  9 hobgoblins
  15 jackals
  3 quokkas
  2 ball pythons (D:4)
  10 bats
  7 frilled lizards
  2 jackal skeletons
  9 kobolds
  19 rats
320 creatures vanquished.

Vanquished Creatures (collateral kills)
  A boulder beetle (D:11)
  Nergalle (D:12)
  A troll (D:11)
  Menkaure (D:7)
  A necrophage (D:8)
  A scorpion (D:7)
  4 killer bees (D:11)
  A hound (D:7)
  An orc wizard (D:9)
  A worker ant (D:11)
  2 gnolls (D:8)
  2 river rats (D:6)
  A shadow imp (D:7)
  An orc (D:8)
  A rat (D:6)
20 creatures vanquished.

Vanquished Creatures (others)
  A wolf (Lair:1)
  An orc wizard (D:10)
  8 plants (D:11)
10 creatures vanquished.

Grand Total: 350 creatures vanquished

Notes
Turn   | Place    | Note
-------+----------+-------------------------------------------
     0 | D:1      | snetch the Minotaur Berserker began the quest for the Orb.
     0 | D:1      | Reached XP level 1. HP: 19/19 MP: 0/0
   150 | D:1      | Reached XP level 2. HP: 24/27 MP: 1/1
   161 | D:1      | Reached skill level 4 in Axes
   573 | D:2      | Found a sacrificial altar of Ru.
  1530 | D:2      | Reached XP level 3. HP: 19/33 MP: 2/2
  2347 | D:2      | Reached ** piety under Trog
  2378 | D:2      | Reached XP level 4. HP: 29/41 MP: 3/3
  2791 | D:4      | Noticed an orc warrior
  2821 | D:3      | Reached skill level 5 in Axes
  2829 | D:4      | Noticed a phantom
  2832 | D:4      | Killed an orc warrior
  2832 | D:4      | Reached skill level 1 in Stealth
  2832 | D:4      | Reached XP level 5. HP: 27/47 MP: 4/4
  2920 | D:4      | Killed a phantom
  2920 | D:4      | Reached skill level 5 in Fighting
  2920 | D:4      | Reached XP level 6. HP: 13/56 MP: 5/5
  2947 | D:4      | Found a shimmering altar of Xom.
  2960 | D:4      | Reached skill level 6 in Axes
  3029 | D:4      | Reached XP level 7. HP: 26/61 MP: 6/6
  3038 | D:4      | Reached skill level 5 in Armour
  3216 | D:4      | Reached skill level 7 in Axes
  3231 | D:4      | Found a glowing drain.
  3245 | Sewer    | Entered a sewer
  3756 | D:3      | Found a bloodstained altar of Trog.
  3763 | D:3      | Found a burning altar of Makhleb.
  3766 | D:3      | Found a hide-covered altar of Uskayaw.
  4110 | D:3      | Found a glowing golden altar of the Shining One.
  4146 | D:3      | Found an iron altar of Okawaru.
  4150 | D:3      | Reached *** piety under Trog
  4750 | D:3      | Reached XP level 8. HP: 70/70 MP: 7/7
  4822 | D:4      | Reached skill level 8 in Axes
  5246 | D:4      | Noticed a troll
  5474 | D:5      | Entered Level 5 of the Dungeon
  5578 | D:5      | Noticed Edmund
  5588 | D:5      | Killed Edmund
  5588 | D:5      | Reached skill level 9 in Axes
  6047 | D:5      | Found the +0 staff of Battle
  6049 | D:5      | Noticed Pikel
  6069 | D:5      | Killed Pikel
  6069 | D:5      | Reached skill level 10 in Axes
  6069 | D:5      | Reached skill level 1 in Throwing
  6148 | D:5      | Found a stormy altar of Qazlal.
  6254 | D:5      | Noticed Sigmund
  6274 | D:5      | Killed Sigmund
  6274 | D:5      | Reached XP level 9. HP: 72/78 MP: 8/8
  6299 | D:6      | Found a staircase to the Ecumenical Temple.
  6908 | D:6      | Reached skill level 11 in Axes
  6956 | Temple   | Entered the Ecumenical Temple
  7255 | D:6      | Found a bloodstained altar of Trog.
  7267 | D:6      | Reached **** piety under Trog
  7344 | D:6      | Found a snail-covered altar of Cheibriados.
  7345 | D:6      | Found a radiant altar of Vehumet.
  8136 | D:6      | Found the +2 ratskin cloak {*Rats rPois rN+ Str-1 Int-1
                  | Dex+1}
  8152 | D:6      | Reached skill level 12 in Axes
  8658 | D:8      | Identified Haesmez's Grimoire of Enthralling Poisoning
  8875 | D:7      | Noticed Menkaure
  8887 | D:7      | Killed Menkaure
  9259 | D:7      | Reached XP level 10. HP: 87/87 MP: 9/9
  9427 | D:7      | Reached skill level 13 in Axes
 10260 | D:10     | Entered Level 10 of the Dungeon
 10308 | D:9      | Reached ***** piety under Trog
 10357 | D:9      | Found an opulent altar of Gozag.
 10405 | D:9      | Got a warped glass ring
 10408 | D:9      | Identified the ring of Roluox {rF+ rN+ Stlth+} (You found
                  | it on level 9 of the Dungeon)
 10695 | D:9      | Reached skill level 14 in Axes
 11327 | D:10     | Found Ynomohil's Armour Boutique.
 11343 | D:10     | Found a staircase to the Orcish Mines.
 11377 | D:10     | Found a roughly hewn altar of Beogh.
 11726 | D:11     | Noticed a brown ugly thing
 11731 | D:11     | Killed a brown ugly thing
 12256 | D:10     | Found a burning altar of Makhleb.
 12542 | D:11     | Reached skill level 15 in Axes
 12586 | D:11     | Found Xeagge Avvum's General Store.
 12607 | D:11     | Noticed a boulder beetle
 12923 | D:11     | Noticed an oklob plant
 13028 | D:11     | Killed a boulder beetle
 13028 | D:11     | Reached XP level 11. HP: 19/96 MP: 10/10
 13403 | D:11     | Noticed a deep elf mage
 13416 | D:11     | Killed a deep elf mage
 13530 | D:11     | Noticed a red ugly thing
 13541 | D:11     | Killed a red ugly thing
 13634 | D:11     | Found a white marble altar of Elyvilon.
 13781 | D:11     | Received a gift from Trog
 13784 | D:11     | Got an ancient dagger {god gift}
 13785 | D:11     | Identified the +3 dagger of Trog's Benevolence {vorpal,
                  | Fragile +Inv Str+3 Int+2} (Trog gifted it to you on level
                  | 11 of the Dungeon)
 14046 | D:11     | Found a staircase to the Lair.
 14097 | D:11     | Upgraded the game from 0.26-a0-660-gc07710193c to
                  | 0.26-a0-661-g406de6ba63
 14353 | D:11     | Killed an oklob plant
 14786 | D:12     | Found a runed translucent gate.
 14786 | D:12     | Found a runed translucent gate.
 14786 | D:12     | Found a runed translucent gate.
 14786 | D:12     | Noticed MackTheFife's ghost (journeyman OgFi)
 14806 | D:12     | Noticed a seven-headed hydra
 14812 | D:12     | Killed a seven-headed hydra
 14812 | D:12     | Reached skill level 16 in Axes
 15334 | D:12     | Reached skill level 10 in Armour
 15692 | D:12     | Noticed Nergalle
 15707 | D:12     | Killed Nergalle
 15958 | D:12     | Noticed Sonja
 16008 | Lair:1   | Entered Level 1 of the Lair of Beasts
 16119 | Lair:1   | Noticed Grum
 16126 | Lair:1   | Noticed Urug
 16139 | Lair:1   | HP: 6/147 [Urug/+0 broad axe of draining (12)]
 16144 | Lair:1   | HP: 2/98 [wolf[Grum] (2)]
 16149 | Lair:1   | HP: 2/99 [wolf[Grum] (1)]
 16157 | Lair:1   | Mangled by Urug

Illustrated notes

Levels and vault maps discovered:
D:1:      roderic_chinese_lattice_arrival, layout_basic, st_stairs_9,
          chequers_serial_rivers_small_a, serial_park_tiny_1, minivault_11,
          supply_closet_lemuel, bh_walls_and_bars
D:2:      layout_loops_corners, overflow_temple_1_default, minmay_joined_circles
D:3:      layout_loops_corners, tso_altar, grunt_temple_overflow_diamond,
          minmay_misc_feat_hallway, okawaru_altar_gauntlet_db
D:4:      wad_river_or_something, layout_cave_pods, overflow_temple_1_default,
          portal_sewer_entry_e, lightli_corner_chamber
D:5:      layout_loops_ring, grunt_qazlal_sundering, nicolae_sextant,
          uniq_edmund, uniq_pikel, uniq_sigmund
D:6:      wander_guarded_unrand_ratskin, layout_basic,
          chequers_temple_overflow_statue_of_worship, minmay_temple_entry_grid,
          trog_hazing_becter
D:7:      layout_rooms, minmay_misc_feat_rugged, hangedman_decor_peaks_small,
          kennysheep_generic_room_9, uniq_menkaure
D:8:      layout_cave_pools
D:9:      layout_irregular_city, grunt_gozag_statues, serial_column_ruins,
          column_ruins_grid_5, column_ruins_square_large,
          column_ruins_open_medium, column_ruins_columns_dead_end,
          column_ruins_grid_4, column_ruins_open_small, column_ruins_grid_3
D:10:     layout_loops_ring, minmay_orc_entry_temple_small, serial_shops,
          shop_coins, nrook_pool_corridor, nrook_mini_backslash,
          lemuel_altar_in_water
D:11:     layout_loops_cross, dpeg_oklobed_lair, serial_shops, shop, basic_altar
D:12:     layout_layer_cave, gammafunk_ghost_necromancy, uniq_nergalle,
          uniq_sonja, uniq_kirke
D:13:     layout_basic, lightli_vaults_fourway_checkpoint, serial_shops, shop,
          uniq_erolcha, uniq_nessos, uniq_frances
Temple:   hc_temple_tempest_star
Lair:1:   beast_lair_carwin_large_4, layout_cave_pods, uniq_urug, uniq_grum

Skill      XL: |  1  2  3  4  5  6  7  8  9 10 11 |
---------------+----------------------------------+-----
Axes           | 4 5 6 7 10 12 15 16 | 16.2
Fighting       | 4 5 6 7 9 |  9.8
Armour         | 3 4 6 7 8 9 10 | 10.7
Dodging        | 3 |  3.9
Stealth        | 1 |  1.7
Throwing       | 1 2 3 |  3.1

Action                   |  1- 3 |  4- 6 |  7- 9 | 10-12 || total
-------------------------+-------+-------+-------+-------++-------
Melee: Hand axe          |    74 |    74 |   150 |       ||   298
       Headbutt          |     3 |    17 |    67 |    89 ||   176
       Battleaxe         |       |       |   219 |   237 ||   456
       Dagger            |       |       |       |   130 ||   130
Throw: Dart              |       |       |    14 |    17 ||    31
       Javelin           |       |       |       |     2 ||     2
Invok: Berserk           |     1 |     2 |     1 |     6 ||    10
       Trog's Hand       |       |     3 |     1 |     1 ||     5
       Brothers in Arms  |       |       |     1 |     3 ||     4
 Abil: Evoke Invisibilit |       |       |       |     1 ||     1
  Use: Scroll            |       |     8 |     8 |     6 ||    22
       Potion            |       |       |       |     3 ||     3
 Stab: Sleeping          |     1 |       |       |       ||     1
       Distracted        |       |       |     1 |       ||     1
       Invisible         |       |       |       |     1 ||     1
Armor: Animal skin       |    16 |       |       |       ||    16
       Scale mail        |    18 |     4 |       |       ||    22
       Chain mail        |       |    58 |    24 |       ||    82
       Plate armour      |       |       |   212 |   247 ||   459
Dodge: Dodged            |    36 |    33 |   200 |   164 ||   433

Table legend: (Time is in decaauts)
 A = Elapsed time spent in this place.
 B = Non-inter-level travel time spent in this place.
 C = Inter-level travel time spent in this place.
 D = Time resting spent in this place.
 E = Time spent auto-exploring this place.
 F = Levels seen in this place.
 G = Mean time per level.
                   A        B        C        D        E       F      G
               +--------+--------+--------+--------+--------+-----+--------+
         Total |  16300 |  15417 |    883 |   1139 |  10447 |  16 | 1018.8 |
       Dungeon |  15558 |  14687 |    871 |    874 |  10125 |  13 | 1196.8 |
        Temple |    201 |    189 |     12 |      0 |    177 |   1 |  201.0 |
          Lair |    153 |    153 |      0 |      0 |     88 |   1 |  153.0 |
         Sewer |    386 |    386 |      0 |    265 |     57 |   1 |  386.0 |
               +--------+--------+--------+--------+--------+-----+--------+

Top non-repeatable levels by time:
    D:11: 2164 daAuts
     D:4: 1507 daAuts
     D:1: 1490 daAuts
     D:6: 1453 daAuts
     D:3: 1358 daAuts
    D:12: 1322 daAuts
    D:10: 1296 daAuts
     D:2: 1205 daAuts
     D:7: 1149 daAuts
     D:9: 1049 daAuts
     D:5: 1000 daAuts
     D:8: 558 daAuts
   Sewer: 386 daAuts
  Temple: 201 daAuts
  Lair:1: 153 daAuts
